 Dungeon Crawl Stone Soup version 0.22-b1-59-g0aedee7 (webtiles) character file.

3107 Doobh the Slicer (level 10, -6/61 HPs)
             Began as a Kobold Assassin on Aug 9, 2018.
             Mangled by an orc knight
             ... wielding a +0 glaive
              (11 damage)
             ... in a bailey.
             The game lasted 00:51:32 (11687 turns).

Doobh the Slicer (Kobold Assassin)                 Turns: 11687, Time: 00:51:32

Health: -6/61      AC:  6    Str:  8    XL:     10   Next: 13%
Magic:  8/10       EV: 19    Int: 12    God:
Gold:   177        SH:  0    Dex: 21    Spells: 6/9 levels left

rFire    + . .     SeeInvis .   o - +3 short sword
rCold    x . .     Gourm    .   (shield restricted)
rNeg     . . .     Faith    .   j - +2 robe {MR+}
rPois    .         Spirit   .   (no helmet)
rElec    .         Reflect  .   d - +1 cloak
rCorr    .         Harm     .   (no gloves)
MR       +....                  (no boots)
Stlth    ++++......             (no amulet)
HPRegen  0.20/turn              v - ring of fire
MPRegen  0.12/turn              (no ring)

@: heavily drained
A: small, carnivore
a: no special abilities


You were in a bailey.
You were very hungry.

You visited 2 branches of the dungeon, and saw 9 of its levels.
You also visited: Bailey.

You collected 177 gold pieces.

Inventory:

Hand Weapons
 a - a +2 dagger
 b - a +0 blowgun
 o - a +3 short sword (weapon)
 x - a +1 dagger of venom
Missiles
 e - 10 poisoned needles
 k - 88 stones (quivered)
 w - a curare-tipped needle
Armour
 d - a +1 cloak (worn)
 j - a +2 robe of magic resistance (worn)
Jewellery
 v - a ring of fire (left hand)
Wands
 A - a wand of iceblast (8)
 B - a wand of flame (33)
Scrolls
 m - 2 scrolls of amnesia
 n - 6 scrolls of remove curse
Potions
 c - a potion of flight {unknown}
 f - 2 potions of might {unknown}
 h - 2 potions of magic {unknown}
 p - a potion of curing
 q - a potion of brilliance {unknown}
 s - a potion of berserk rage {unknown}
 t - 2 potions of cancellation {unknown}
 u - 2 potions of heal wounds {unknown}
 z - a potion of lignification {unknown}
Comestibles
 g - 10 rations


   Skills:
 + Level 6.4(5.1) Fighting
 - Level 10.0(8.5) Short Blades
 + Level 6.3(5.0) Throwing
 + Level 6.6(5.3) Dodging
 + Level 9.6(8.2) Stealth
 + Level 1.8(0.6) Hexes


You had 6 spell levels left.
You knew the following spells:

 Your Spells              Type           Power        Failure   Level  Hunger
a - Shroud of Golubria    Chrm/Tloc      #.........   45%         2    ###....
b - Confusing Touch       Hex            #.....       26%         1    ##.....

Your spell library contained the following spells:

 Spells                   Type           Power        Failure   Level  Hunger
 Apportation              Tloc           #.....       32%         1    ##.....
 Summon Small Mammal      Summ           #...         32%         1    ##.....
 Animate Skeleton         Necr           N/A          32%         1    ##.....
 Regeneration             Chrm/Necr      #.........   69%         3    ####...
 Infusion                 Chrm           #...         32%         1    ##.....
 Song of Slaying          Chrm           #.......     45%         2    ###....
 Spectral Weapon          Hex/Chrm       #.......     65%         3    ####...


Dungeon Overview and Level Annotations

Branches:
Dungeon (8/15)             Temple (1/1) D:6
   Lair: D:8-11

Altars:
Ashenzari
Cheibriados
Elyvilon
Gozag
Hepliaklqana
Kikubaaqudgha
Makhleb
Okawaru
Qazlal
Ru
Sif Muna
Trog
Vehumet
Wu Jian
Xom
Yredelemnul
The Shining One

Annotations:
D:4 Menkaure
D:8 Psyche


Innate Abilities, Weirdness & Mutations

You are small and have problems with some larger weapons.
You are carnivorous and can eat meat at any time.


Message History

Wield which item (- for none, * to show all)? (? for menu, Esc to quit)
Your +1 dagger of venom stops dripping with poison.
o - a +3 short sword (weapon)
You hit the orc knight.
The orc knight is severely wounded.
The orc knight hits you with a glaive!!
* * * LOW HITPOINT WARNING * * *
The orc knight misses you.
Things that are here:
a spear; a plate armour
Casting: Shroud of Golubria (safe; 45% risk of failure)
Confirm with . or Enter, or press ? or * to list all spells.
Space distorts slightly along a thin shroud covering your body.
Your shroud begins to fray at the edges.
There is a gate leading back out of this place here.
The orc knight completely misses you.
You hit the orc knight but do no damage.
The orc knight is almost dead.
The orc knight hits you with a glaive!
You die...

##..≈.# $$.##)≈(#
#####.≈.# #####..≈.#
# #######≈≈≈≈≈≈≈)#
## ##...##....o....#
.###(.≈..##.########
..((.≈≈...##...####
≈≈≈≈≈≈..#######o@∩##
.......## ####∩#
######## ###


You could see an orc knight.

Vanquished Creatures
  A hungry ghost (D:6)
  An ice beast (D:6)
  5 orc warriors
  A sky beast (D:5)
  5 ogres
  3 centaurs
  A crocodile (D:6)
  A big kobold (D:8)
  3 bullfrogs
  A gnoll sergeant (D:6)
  A scorpion (D:5)
  4 wights (D:6)
  A bullfrog zombie (D:5)
  2 crimson imps
  2 hounds (D:6)
  Crazy Yiuf (D:2)
  4 orc wizards
  4 orc priests
  2 bullfrog skeletons
  Jessica (D:2)
  3 iguanas
  6 worker ants
  2 hound zombies
  A hound skeleton (D:6)
  A howler monkey zombie (D:4)
  4 gnolls (D:6)
  4 adders
  3 shadow imps
  2 oozes (D:1)
  2 adder skeletons
  An adder zombie (D:6)
  2 worms
  A dart slug (D:1)
  6 leopard geckos
  39 orcs
  7 giant cockroaches
  4 goblins
  6 hobgoblins
  3 jackals (D:1)
  4 quokkas
  4 bats
  8 frilled lizards
  A jackal zombie (D:5)
  9 kobolds
  2 leopard gecko skeletons
  8 rats
177 creatures vanquished.

Notes
Turn   | Place    | Note
-------+----------+-------------------------------------------
     0 | D:1      | Doobh the Kobold Assassin began the quest for the Orb.
     0 | D:1      | Reached XP level 1. HP: 12/12 MP: 1/1
    88 | D:1      | Reached XP level 2. HP: 14/17 MP: 2/2
   337 | D:1      | Reached skill level 3 in Short Blades
   618 | D:1      | Reached XP level 3. HP: 22/22 MP: 3/3
  1295 | D:2      | Reached XP level 4. HP: 26/27 MP: 4/4
  1536 | D:2      | Noticed Jessica
  1560 | D:2      | Killed Jessica
  1560 | D:2      | Reached skill level 4 in Short Blades
  1575 | D:2      | Identified Jessica's Almanac of the Compass
  1584 | D:2      | Learned a level 2 spell: Shroud of Golubria
  2027 | D:2      | Reached XP level 5. HP: 32/32 MP: 5/5
  2097 | D:2      | Found a runed door.
  2101 | D:2      | Noticed Crazy Yiuf
  2112 | D:2      | Killed Crazy Yiuf
  2872 | D:3      | Found a stormy altar of Qazlal.
  3015 | D:3      | Found a faded altar of an unknown god.
  3020 | D:3      | Noticed a centaur
  3249 | D:3      | Reached XP level 6. HP: 37/37 MP: 6/6
  3271 | D:3      | Reached skill level 5 in Short Blades
  3760 | D:4      | Reached XP level 7. HP: 41/41 MP: 7/7
  4377 | D:4      | Reached skill level 6 in Short Blades
  4569 | D:4      | Noticed Menkaure
  4760 | D:4      | Found a shattered altar of Ashenzari.
  4838 | D:5      | Entered Level 5 of the Dungeon
  4951 | D:5      | Reached XP level 8. HP: 48/48 MP: 8/8
  5262 | D:5      | Reached skill level 7 in Short Blades
  6018 | D:5      | Found a burning altar of Makhleb.
  6050 | D:5      | Reached skill level 8 in Short Blades
  6163 | D:5      | Reached skill level 5 in Fighting
  6163 | D:5      | Reached skill level 5 in Dodging
  6163 | D:5      | Reached XP level 9. HP: 42/54 MP: 9/9
  6577 | D:5      | Reached skill level 5 in Throwing
  6898 | D:6      | Found a glowing golden altar of the Shining One.
  7396 | D:6      | Reached skill level 9 in Short Blades
  7546 | D:6      | Found a staircase to the Ecumenical Temple.
  7553 | Temple   | Entered the Ecumenical Temple
  8184 | D:7      | Found a sacrificial altar of Ru.
  8604 | D:6      | Upgraded the game from 0.22-b1-26-g9dbaab1 to 0.22-b1-59-g0aedee7
  9076 | D:6      | Reached skill level 10 in Short Blades
  9245 | D:7      | Learned a level 1 spell: Confusing Touch
 10415 | D:8      | Reached skill level 1 in Hexes
 10415 | D:8      | Reached XP level 10. HP: 47/60 MP: 10/10
 10537 | D:8      | Noticed Psyche
 10548 | D:8      | Found a flagged portal.
 10560 | Bailey   | Entered a bailey
 11074 | Bailey   | Noticed an orc knight
 11522 | Bailey   | Noticed an orc knight
 11670 | Bailey   | HP: 2/61 [orc knight/glaive (20)]
 11687 | Bailey   | Mangled by an orc knight

Skill      XL: |  1  2  3  4  5  6  7  8  9 |
---------------+----------------------------+-----
Short Blades   | 3 4 5 6 8 10 | 10.0
Stealth        | 6 7 8 9 |  9.6
Dodging        | 2 3 4 5 6 |  6.6
Fighting       | 3 4 5 6 |  6.4
Throwing       | 3 4 6 |  6.3
Hexes          | 1 |  1.8

Action                   |  1- 3 |  4- 6 |  7- 9 | 10-12 || total
-------------------------+-------+-------+-------+-------++-------
Melee: Dagger            |    87 |   177 |   632 |    18 ||   914
       Short sword       |       |       |    27 |    19 ||    46
 Fire: Blowgun           |     8 |    42 |   140 |    33 ||   223
Throw: Stone             |       |    13 |    10 |   101 ||   124
 Cast: Shroud of Golubri |       |       |       |     1 ||     1
Evoke: Wand              |       |       |     3 |       ||     3
  Use: Potion            |       |     2 |     2 |     2 ||     6
       Scroll            |       |     6 |     8 |     1 ||    15
 Stab: Sleeping          |     5 |     6 |    10 |       ||    21
       Distracted        |       |     1 |     2 |       ||     3
  Eat: Chunk             |     9 |     7 |    24 |       ||    40
Armor: Robe              |    15 |    31 |    63 |    13 ||   122
Dodge: Dodged            |    57 |   129 |   375 |    78 ||   639
